 Dungeon Crawl Stone Soup version 0.18.1-48-g4cf74bf (webtiles) character file.

15859 Slippy the Nimble (level 12, 0/65 HPs)
             Began as a Spriggan Enchanter on July 21, 2016.
             Was an Elder of Dithmenos.
             Slain by an orc warlord
             ... wielding a +1 great sword of distortion
              (5 damage)
             ... on level 9 of the Dungeon.
             The game lasted 01:07:23 (17363 turns).

Slippy the Nimble (Spriggan Enchanter)             Turns: 17363, Time: 01:07:24

Health: 0/65       AC:  8    Str:  5    XL:     12   Next: 4%
Magic:  2/25       EV: 27    Int: 20    God:    Dithmenos [****..]
Gold:   685        SH:  0    Dex: 17    Spells: 5 memorised, 11 levels left

rFire  . . .     SeeInvis +     v - +2 dagger (speed)
rCold  . . .     Gourm    .     H - +1 robe {MR+}
rNeg   . . .     Faith    .     (shield restricted)
rPois  .         Spirit   .     n - +2 hat
rElec  .         Dismiss  .     (no cloak)
rCorr  .         Reflect  .     (gloves unavailable)
SustAt .         Harm     .     (boots unavailable)
MR     ++++.                    (no amulet)
Stlth  +++++++...               s - +3 ring of protection
                                z - ring of protection from magic

@: lethally poisoned (0 -> -1), wreathed by umbra, very quick, incredibly
resistant to hostile enchantments, extremely stealthy
A: unfitting armour, see invisible, herbivore 3, speed 3, slow metabolism 2
a: Shadow Step, Renounce Religion


You were on level 9 of the Dungeon.
You worshipped Dithmenos.
Dithmenos was greatly pleased with you.
You were not hungry.

You visited 4 branches of the dungeon, and saw 14 of its levels.
You also visited: Sewer.

You collected 1089 gold pieces.
You spent 404 gold pieces at shops.

Inventory:

Hand Weapons
 i - a +1 dagger of protection
 t - a +1 dagger of venom
 v - a +2 dagger of speed (weapon)
Armour
 n - a +2 hat (worn)
 B - a +2 robe of fire resistance
 C - a +2 buckler of positive energy
 H - a +1 robe of magic resistance (worn)
Jewellery
 c - an uncursed amulet of harm
 h - an uncursed amulet of dismissal
 j - an uncursed ring of stealth
 s - a +3 ring of protection (right hand)
 z - a ring of protection from magic (left hand)
 E - a +3 ring of evasion {unknown}
Wands
 l - a wand of lightning (10/15)
 p - a wand of confusion (10/48)
 x - a wand of iceblast (4/15)
 G - a wand of lightning (8/15)
Scrolls
 a - 8 scrolls of remove curse
 e - 2 scrolls of identify
 q - a scroll of recharging
 r - a scroll of acquirement {unknown}
 y - 3 scrolls of enchant armour
 D - a scroll of vulnerability {unknown}
Potions
 f - 4 potions of brilliance
 g - 2 potions of haste
 m - 3 potions of flight
 o - 4 potions of might
Books
 w - a book of Misfortune

   Spells                             Type                      Level
   a - Confusing Touch                Hexes                        2
   b - Confuse                        Hexes                        3
   c - Gell's Gravitas                Hexes/Translocation          3
   d - Petrify                        Transmutation/Earth          4
   e - Metabolic Englaciation         Hexes/Ice                    5
   f - Yara's Violent Unravelling     Hexes/Transmutation          5
Miscellaneous
 u - a stone of tremors
Comestibles
 b - a fruit
 d - 5 bread rations
 A - 7 royal jellies
 F - 2 slices of pizza


   Skills:
 + Level 8.8 Fighting
 - Level 10.1 Short Blades
 + Level 11.2 Dodging
 - Level 8.6 Stealth
 - Level 8.2 Spellcasting
 - Level 9.0 Hexes
 * Level 6.7 Transmutations


You had 11 spell levels left.
You knew the following spells:

 Your Spells              Type           Power        Failure   Level  Hunger
a - Gell's Gravitas       Hex/Tloc       ####......   4%          3    None
b - Ensorcelled Hibernat  Hex/Ice        ####..       1%          2    None
c - Confuse               Hex            #####...     1%          3    None
d - Dazzling Spray        Conj/Hex       ####..       4%          3    None
e - Yara's Violent Unrav  Hex/Trmt       #####.....   12%         5    #####..


Dungeon Overview and Level Annotations

Branches:
Dungeon (9/15)             Temple (1/1) D:5            Lair (2/8) D:8
    Orc (2/2) D:9
    Elf: Orc:2

Altars:
Ashenzari
Cheibriados
Dithmenos
Elyvilon
Kikubaaqudgha
Makhleb
Nemelex Xobeh
Okawaru
Pakellas
Qazlal
Ru
Sif Muna
Vehumet
Zin
The Shining One
Beogh

Shops:
D:9 [:   Orc:1 }**

Annotations:
Orc:1 Urug


Innate Abilities, Weirdness & Mutations

You are tiny and cannot use many weapons and most armour.
You have supernaturally acute eyesight.
You are a herbivore.
You cover ground extremely quickly.
You need consume almost no food.


Message History

Your shadow barely misses the orc warlord.
The orc warlord hits you with a great sword of distortion!!
You blink.
You feel sick.
You completely miss the adder.
The adder is moderately wounded.
You hit the adder.
The adder is severely wounded.
Your shadow closely misses the adder.
The adder bites you but does no damage.
You closely miss the adder.
The adder is severely wounded.
You closely miss the adder.
The adder is severely wounded.
You hit the adder.
You kill the adder!
Dithmenos accepts your kill.
The orc warlord hits you with a great sword of distortion!!
* * * LOW HITPOINT WARNING * * *
You emit a cloud of dark smoke.
Space warps horribly around you!
You die...

...###......###.#......######..>.
.............................∩...
...############.#......#########.
..............#........# #.).
...##########.#.#......# #.#.
...# #.#.#......# #.#. ...#
#.#.#......# #.#. ...#
#.###§§....# ####.#. ...#
#..§@o.....# #....#.
...################..#.# #.####.
#....................#.####.# #.
####################.#..†...# #.
#.............# #.######## #.
#.###########.# #.# #. #.#
#.######.# #. ..# #........# ##
#.# #.########


You could see an orc warlord.

Vanquished Creatures
  A queen ant (D:8)
  Pikel (D:6)
  2 orc sorcerers (Orc:2)
  2 spiny frogs
  A komodo dragon (Lair:1)
  A queen bee (D:9)
  4 trolls
  A polar bear (Lair:1)
  Sigmund (D:5)
  A fire elemental (Lair:2)
  Eustachio (D:5)
  5 hippogriffs
  Menkaure (D:7)
  20 soldier ants
  2 water moccasins
  3 porcupines
  Purgy (Sewer)
  3 black bears
  A sky beast (D:5)
  A slave (D:6)
  An ice beast (D:6)
  14 orc warriors
  A necrophage (D:6)
  A phantom (D:4)
  6 wolves (Lair:1)
  7 ogres
  5 centaurs
  5 crocodiles
  Blork the orc (D:6)
  A wyvern zombie (D:8)
  3 giant frogs
  A water moccasin zombie (D:9)
  A gnoll sergeant (D:7)
  14 killer bees
  A howler monkey (D:9)
  An electric eel (Lair:1)
  2 crimson imps (D:8)
  A giant frog zombie (D:7)
  A wasp zombie (D:9)
  A jelly (D:9)
  4 hounds
  20 orc wizards
  7 orc priests
  5 centaur skeletons
  2 giant frog skeletons
  A gnoll shaman (D:4)
  2 iguanas
  28 worker ants
  7 sheep
  A killer bee zombie (D:8)
  A hound skeleton (D:6)
  15 gnolls
  14 adders
  28 river rats
  An ooze (D:1)
  An adder skeleton (D:8)
  2 worms
  4 dart slugs
  8 giant geckos
  35 orcs
  3 ball pythons
  8 giant cockroaches
  6 goblins
  3 hobgoblins
  7 kobolds
  4 quokkas
  5 bats
  2 giant gecko zombies
  9 giant newts
  2 rats
  2 butterflies (D:5)
358 creatures vanquished.

Vanquished Creatures (others)
  The ghost of Slippy the Sneak, a novice SpEn of Dithmenos (D:6)
  A slave (D:6)
2 creatures vanquished.

Grand Total: 360 creatures vanquished

Notes
Turn   | Place    | Note
--------------------------------------------------------------
     0 | D:1      | Slippy the Spriggan Enchanter began the quest for the Orb.
     0 | D:1      | Reached XP level 1. HP: 9/9 MP: 5/5
   184 | D:1      | Reached XP level 2. HP: 13/13 MP: 6/6
   332 | D:1      | Learned a level 2 spell: Ensorcelled Hibernation
  1000 | D:1      | Reached XP level 3. HP: 16/16 MP: 8/8
  1005 | D:1      | Learned a level 3 spell: Confuse
  1150 | D:2      | Reached skill level 5 in Stealth
  1537 | D:3      | Reached XP level 4. HP: 21/21 MP: 11/11
  1677 | D:3      | Found a glowing drain.
  1706 | Sewer    | Entered a sewer
  1795 | Sewer    | Noticed Purgy
  1820 | Sewer    | Killed Purgy
  1820 | Sewer    | Reached skill level 5 in Spellcasting
  1820 | Sewer    | Reached skill level 5 in Hexes
  1820 | Sewer    | Reached XP level 5. HP: 18/24 MP: 0/13
  2232 | D:3      | Found a shattered altar of Ashenzari.
  2494 | D:3      | Reached XP level 6. HP: 13/28 MP: 0/15
  3267 | D:4      | Found an ancient bone altar of Kikubaaqudgha.
  3860 | D:4      | Reached XP level 7. HP: 23/32 MP: 12/17
  4143 | D:4      | Found a sacrificial altar of Ru.
  4302 | D:5      | Entered Level 5 of the Dungeon
  4459 | D:5      | Found a staircase to the Ecumenical Temple.
  4495 | D:5      | Reached skill level 1 in Fighting
  4733 | D:5      | Noticed Eustachio
  4739 | D:5      | Killed Eustachio
  4739 | D:5      | Reached skill level 4 in Dodging
  4739 | D:5      | Reached XP level 8. HP: 39/39 MP: 15/18
  4746 | D:5      | Noticed Sigmund
  4749 | D:5      | Killed Sigmund
  5032 | D:6      | Noticed Pikel
  5033 | D:6      | Noticed Slippy's ghost (novice SpEn)
  5037 | D:6      | Noticed Blork the orc
  5037 | D:6      | Reached skill level 5 in Dodging
  5084 | D:6      | Found a stormy altar of Qazlal.
  5334 | D:6      | Killed Blork the orc
  5542 | D:6      | Killed Pikel
  5542 | D:6      | Reached skill level 5 in Short Blades
  5542 | D:6      | Reached skill level 6 in Dodging
  5595 | D:6      | Reached XP level 9. HP: 40/46 MP: 16/19
  5709 | D:6      | Killed Slippy's ghost
  5839 | D:6      | Found an oddly glowing altar of Pakellas.
  5840 | D:6      | Found an iron altar of Okawaru.
  5842 | D:6      | Found a snail-covered altar of Cheibriados.
  5900 | D:6      | Reached skill level 5 in Fighting
  5932 | D:6      | Found a white marble altar of Elyvilon.
  5959 | D:6      | Found a burning altar of Makhleb.
  6278 | D:7      | Reached skill level 7 in Dodging
  6542 | D:7      | Noticed Menkaure
  6568 | D:7      | Killed Menkaure
  7344 | D:7      | Learned a level 3 spell: Dazzling Spray
  7349 | D:7      | Learned a level 3 spell: Inner Flame
  7443 | D:8      | Reached skill level 8 in Dodging
  7452 | D:8      | Found a stormy altar of Qazlal.
  7457 | D:8      | Found a glowing silver altar of Zin.
  7466 | D:8      | Found a staircase to the Lair.
  8293 | D:8      | Reached XP level 10. HP: 53/53 MP: 9/20
  8460 | Temple   | Entered the Ecumenical Temple
  8485 | Temple   | Became a worshipper of Dithmenos the Shadowed
  8587 | Lair:1   | Entered Level 1 of the Lair of Beasts
  8624 | Lair:1   | Noticed a queen ant
  9064 | Lair:1   | Reached skill level 9 in Dodging
  9386 | D:8      | Killed a queen ant
  9792 | D:8      | Reached * piety under Dithmenos
  9971 | Lair:1   | Reached skill level 10 in Short Blades
 10614 | Lair:1   | Noticed a spiny frog
 10621 | Lair:1   | Killed a spiny frog
 10629 | Lair:1   | Reached XP level 11. HP: 59/60 MP: 7/22
 10809 | Lair:1   | Reached ** piety under Dithmenos
 12310 | Lair:1   | Gained mutation: You are frail (-10% HP). [potion of mutation]
 12310 | Lair:1   | Gained mutation: Your muscles are strong. (Str +2) [potion of mutation]
 12311 | Lair:1   | Gained mutation: Your spells are a little harder to cast, but a little more powerful. [potion of mutation]
 12311 | Lair:1   | Lost mutation: Your muscles are strong. (Str +2) [potion of mutation]
 12323 | Lair:1   | Lost mutation: You are frail (-10% HP). [potion of cure mutation]
 12323 | Lair:1   | Lost mutation: Your spells are a little harder to cast, but a little more powerful. [potion of cure mutation]
 13195 | D:9      | Reached skill level 10 in Dodging
 13225 | D:9      | Found Hiurepir's Book Shoppe.
 13233 | D:9      | Bought a book of Misfortune for 300 gold pieces
 13237 | D:9      | Learned a level 3 spell: Gell's Gravitas
 13243 | D:9      | Learned a level 5 spell: Yara's Violent Unravelling
 13330 | D:9      | Found a staircase to the Orcish Mines.
 13337 | D:9      | Found a radiant altar of Vehumet.
 13530 | D:9      | Found a deep blue altar of Sif Muna.
 13545 | D:9      | Reached skill level 1 in Transmutations
 13686 | D:9      | Found Dyogeahu's Antique Armour Shoppe.
 13732 | D:9      | Bought a glowing robe for 14 gold pieces
 13732 | D:9      | Bought a shiny buckler for 90 gold pieces
 14065 | Lair:2   | Reached *** piety under Dithmenos
 15247 | Orc:1    | Entered Level 1 of the Orcish Mines
 15247 | Orc:1    | Found Kuxautec's General Store.
 15441 | Orc:1    | Reached skill level 5 in Transmutations
 15512 | Orc:1    | Found Enoufu's Assorted Antiques.
 15575 | Orc:1    | Found Mypamm's Gadget Emporium.
 15627 | Orc:2    | Entered Level 2 of the Orcish Mines
 15627 | Orc:2    | Noticed an orc sorcerer
 15638 | Orc:2    | Noticed an orc sorcerer
 15639 | Orc:2    | Noticed Urug
 15650 | Orc:2    | Noticed a soul eater
 15654 | Orc:2    | Killed an orc sorcerer
 15665 | Orc:2    | Killed an orc sorcerer
 15672 | Orc:2    | Reached **** piety under Dithmenos
 15691 | Orc:2    | Reached skill level 11 in Dodging
 15845 | Orc:2    | Found a roughly hewn altar of Beogh.
 15847 | Orc:2    | Noticed an orc knight
 15939 | Orc:2    | Noticed an orc knight
 15941 | Orc:2    | HP: 3/60 [orc warrior/long sword[Saint Roka] (16)]
 15967 | Orc:1    | Reached XP level 12. HP: 5/65 MP: 9/25
 16436 | Orc:1    | Noticed an orc warlord
 17363 | D:9      | Slain by an orc warlord

Skill      XL: |  1  2  3  4  5  6  7  8  9 10 11 |
---------------+----------------------------------+-----
Hexes          | 4 5 6 7 9 |  9.0
Spellcasting   | 3 4 5 6 8 |  8.2
Stealth        | 5 6 7 8 |  8.6
Fighting       | 2 4 6 8 |  8.8
Short Blades   | 3 6 8 10 | 10.1
Dodging        | 4 6 8 9 11 | 11.2
Transmutations | 6 |  6.7

Action                   |  1- 3 |  4- 6 |  7- 9 | 10-12 || total
-------------------------+-------+-------+-------+-------++-------
Melee: Dagger            |    86 |    84 |   219 |   561 ||   950
 Cast: Ensorcelled Hiber |     7 |    43 |   103 |   232 ||   385
       Confuse           |       |     3 |    11 |    23 ||    37
       Gell's Gravitas   |       |       |       |     7 ||     7
       Dazzling Spray    |       |       |       |     3 ||     3
       Yara's Violent Un |       |       |       |     3 ||     3
  Use: Scroll            |     5 |     8 |     6 |     2 ||    21
       Potion            |       |     1 |       |    13 ||    14
 Stab: Sleeping          |    23 |    34 |    77 |   158 ||   292
       Confused          |       |     1 |     9 |    13 ||    23
       Distracted        |       |     1 |     2 |       ||     3
       Fleeing           |       |       |       |     1 ||     1
       Invisible         |       |       |       |     1 ||     1
  Eat: Fruit             |       |     2 |       |       ||     2
       Bread ration      |       |       |     1 |     2 ||     3
Armor: Robe              |    11 |    23 |    16 |    43 ||    93
Dodge: Dodged            |    51 |    95 |   134 |   445 ||   725
